AoeStats
← 天空6

African Clearing

510869102Analyzed
4v4 RM · 9h ago on Oct 2, 2026· 61m 15s· 8 players
Game mode
Random Map
Map size
Large (8 player)
Population
200
Speed
Normal
Resources
Standard
Victory
Conquest
Starting age
Dark Age
Ending age
Imperial Age
RankedLock teamsTeams togetherTeam positionsShared explorationLock speedFull tech treeHidden civsTurbo modeCheats
Victory
Defeat
🇨🇴 Maya · Colombia
1359
+12
🇪🇸 Mongols · Spain
1234
+17
🇨🇴 Khmer · Colombia
1223
+17
🇨🇴 Britons · Colombia
1144
+19
🇺🇸 Japanese · United States
1285
-18
🇮🇳 Varangians · India
1251
-16
🇧🇷 Saracens · Brazil
1243
-16
🇺🇸 Spanish · United States
1215
-15
天空6
11:47 Feudal Age
11:24 Loom
12:52 Double-Bit Axe
14:46 Gold Mining
14:59 Fletching
15:28 Padded Archer Armor
24:08 Castle Age
22:10 Stone Mining
23:42 Horse Collar
24:19 Town Watch
24:12 Crossbowman
24:48 Bodkin Arrow
33:39 Wheelbarrow
33:45 Ballistics
38:56 Imperial Age
38:27 Bloodlines
39:45 Bracer
41:11 Chemistry
40:40 Leather Archer Armor
40:28 Husbandry
40:12 Capped Ram
42:07 Scale Barding Armor
42:13 Forging
42:35 Light Cavalry
46:56 Hoardings
48:20 Thumb Ring
49:03 Siege Ram
51:28 Elite Mangudai
53:18 Parthian Tactics
56:47 Hussar
58:01 Coinage
Saarba
4:40 Loom
12:46 Feudal Age
19:10 Castle Age
21:56 Arson
Molvilada
9:59 Loom
16:07 Feudal Age
22:56 Castle Age
22:06 Fletching
22:22 Double-Bit Axe
23:17 Wheelbarrow
24:37 Crossbowman
29:11 Bodkin Arrow
31:19 Ballistics
32:14 Bow Saw
37:41 Padded Archer Armor
38:57 Hand Cart
51:09 Imperial Age
52:39 Arbalester
54:13 Bracer
55:53 Leather Archer Armor
57:50 Pikeman
Acreed21
8:23 Loom
15:18 Feudal Age
16:18 Double-Bit Axe
20:52 Castle Age
20:59 Eagle Warrior
21:07 Eagle Warrior
22:02 Bow Saw
26:12 Scale Mail Armor
27:25 Chain Mail Armor
27:11 Horse Collar
29:26 Forging
30:21 Wheelbarrow
29:34 Town Watch
33:44 Town Patrol
34:15 Squires
38:49 Heavy Plow
41:02 Iron Casting
43:03 Stone Mining
46:06 Stone Shaft Mining
48:59 Imperial Age
46:47 Hand Cart
46:26 Pikeman
46:58 Arson
50:19 Plate Mail Armor
49:56 Elite Eagle Warrior
51:02 Conscription
52:25 Blast Furnace
52:28 Holcans
53:30 Fletching
54:08 Bodkin Arrow
55:59 Ballistics
58:46 Caravan
60:14 Bracer
60:54 Gold Mining
Nighthawk
10:29 Loom
12:34 Feudal Age
22:44 Castle Age
20:56 Double-Bit Axe
23:13 Bloodlines
25:35 Padded Archer Armor
29:20 Husbandry
38:08 Horse Collar
41:34 Forging
41:30 Scale Barding Armor
46:36 Wheelbarrow
51:06 Imperial Age
50:18 Chain Barding Armor
50:33 Iron Casting
51:18 Heavy Plow
52:13 Cavalier
53:49 Conscription
56:12 Blast Furnace
57:53 Elite Skirmisher
58:39 Thumb Ring
58:28 Fletching
58:53 Leather Archer Armor
twitch.tv/WatzTheDeal
9:17 Loom
11:49 Feudal Age
14:32 Double-Bit Axe
18:24 Castle Age
17:23 Bloodlines
17:52 Scale Barding Armor
19:19 Husbandry
25:00 Bow Saw
24:32 Horse Collar
26:42 Wheelbarrow
29:51 Scale Mail Armor
30:01 Forging
31:30 Squires
31:15 Arson
33:11 Iron Casting
32:51 Chain Mail Armor
40:04 Imperial Age
37:50 Hand Cart
41:45 Blast Furnace
41:15 Plate Mail Armor
41:11 Conscription
40:20 Capped Ram
43:01 Fletching
43:12 Padded Archer Armor
43:33 Chain Barding Armor
44:54 Bodkin Arrow
47:41 Elite Skirmisher
49:04 Thumb Ring
54:08 Bracer
klausera_br
4:20 Loom
14:55 Feudal Age
18:20 Town Watch
24:56 Double-Bit Axe
28:40 Castle Age
42:27 Town Patrol
46:11 Guard Tower
51:10 Wheelbarrow
57:27 Imperial Age
55:26 Town Patrol
55:42 Hand Cart
55:38 Scale Barding Armor
55:43 Forging
57:01 Bloodlines
56:51 Husbandry
57:18 Chain Barding Armor
57:20 Bow Saw
57:20 Gold Mining
57:00 Light Cavalry
58:46 Plate Barding Armor
58:46 Iron Casting
59:01 Iron Casting
58:51 Hussar
suny619
9:29 Loom
12:01 Feudal Age
14:31 Double-Bit Axe
16:48 Bloodlines
25:13 Castle Age
25:49 Town Watch
26:31 Forging
26:26 Scale Barding Armor
27:37 Bow Saw
34:29 Husbandry
37:01 Wheelbarrow
39:59 Scale Mail Armor
40:23 Chain Barding Armor
45:38 Imperial Age
45:16 Hand Cart
48:35 Conscription
51:28 Cavalier
52:44 Plate Barding Armor
52:45 Iron Casting
52:15 Elite Jarl
54:50 Capped Ram
60:14 Blast Furnace
59:04 Fletching
Connection lost

Rejoining the realm…

Still unreachable

The connection could not be restored.

Session expired

The server has moved on; the page needs a fresh start.